 Dungeon Crawl Stone Soup version 0.30.1-10-g1249ef9ec4 (webtiles) character file.

Game seed: 16004621819306874490

66 lonewolfV2 the Trooper (level 3, 0/29 HPs)
             Began as a Demonspawn Fighter on Oct 26, 2023.
             Succumbed to an orc's poison
             ... on level 3 of the Dungeon.
             The game lasted 00:03:57 (1795 turns).

lonewolfV2 the Trooper (Demonspawn Fighter)         Turns: 1795, Time: 00:03:58

Health: 0/29       AC:  8    Str: 18    XL:     3   Next: 96%
Magic:  3/3        EV:  9    Int:  9    God:
Gold:   47         SH:  9    Dex: 12    Spells: 2/2 levels left

rFire   . . .        a - +0 war axe
rCold   . . .        c - +1 buckler
rNeg    . . .        b - +0 scale mail
rPois   .            j - +0 helmet
rElec   .            (no cloak)
rCorr   .            k - +0 pair of gloves
SInv    .            (no boots)
Will    .....        (no amulet) Stlth
                     (no ring)
HPRegen 0.24/turn    (no ring)
MPRegen 0.08/turn

%: no passive effects
@: lethally poisoned (0 -> -25)
A: large bone plates 1
a: no special abilities


You were on level 3 of the Dungeon.
You visited 1 branch of the dungeon, and saw 3 of its levels.

You collected 47 gold pieces.

Inventory:

Hand Weapons
 a - a +0 war axe (weapon)
Armour
 b - a +0 scale mail (worn)
 c - a +1 buckler (worn)
 j - a +0 helmet (worn)
 k - a +0 pair of gloves (worn)
Jewellery
 l - a +6 ring of strength
Scrolls
 g - a scroll of teleportation
Potions
 d - a potion of might
 e - a potion of resistance {unknown}
 f - 2 potions of curing {unknown}
 h - a potion of degeneration
 i - a potion of magic {unknown}


   Skills:
 + Level 3.5 Fighting
 * Level 3.0 Axes
 - Level 2.6 Armour
 + Level 3.2 Shields


You had 2 spell levels left.
You didn't know any spells.
Your spell library was empty.

Dungeon Overview and Level Annotations

Branches:
Dungeon (3/15)

Altars:
Dithmenos

Shops:
D:3 [

Annotations:
D:3 Sigmund


Innate Abilities, Weirdness & Mutations

You are partially covered in large bone plates. (SH +4)


Message History

Found 4 poisoned darts.
Found a stone staircase leading down.
An adder, an orc and Sigmund come into view.
The orc is wielding a +1 dagger of venom.
Sigmund is wielding a +0 scythe and carrying a wand of digging (5).
Found an iron ring and a book of Debilitation.
The orc shouts!
Sigmund shouts!
You hear a shout!
A bat comes into view.
A hound comes into view.
The bat hits you but does no damage.
Sigmund moves out of view.
You hear a shout!
The hound barks!
The bat hits you but does no damage. The orc barely misses you.
The orc attacks as you move away! You block the orc's attack.
The bat attacks as you move away! The bat hits you but does no damage.
A hobgoblin and an orc come into view.
Found a scroll of identify.
The orc shouts!
You block the bat's attack.
A giant cockroach comes into view.
The bat hits you but does no damage. The orc hits you but does no damage.
You are poisoned.
You block the bat's attack.
You feel sick. You block the bat's attack.
You closely miss the bat. You closely miss the orc.
You feel sick. The bat hits you but does no damage.
The orc hits you but does no damage.
You are more poisoned.
You block the hobgoblin's attack. The orc hits you but does no damage.
You are more poisoned.
You feel very sick. You block the bat's attack.
The orc hits you but does no damage.
You are lethally poisoned!
You feel very sick. The bat hits you but does no damage.
You block the hobgoblin's attack. The orc attacks as you move away!
The orc hits you with a +1 dagger of venom.
You are more poisoned.
* * * LOW HITPOINT WARNING * * *
You feel extremely sick. The bat hits you but does no damage.
You block the bat's attack. The bat attacks as you move away!
You block the bat's attack.
You die...

### ..#### ### .#
....# #.. #.# ...#
#.# .#.# #..# #.#
#.#:# #..# #.# #B#@#
#..## #.#
#S#B##.o.###.#######
#.#h#gb.@........>#
#.#S.#####.#####.#
#..## #.###...#
.......## #.......#
....###
##.#####.####### ###
#..#####........
#.........(..###
#..≈≈≈≈≈≈≈≈≈.#
#..≈.......≈.#


You could see an adder, an orc, a hobgoblin and a bat.

Vanquished Creatures
  2 adders (D:2)
  A worm (D:2)
  3 dart slugs
  5 ball pythons
  4 endoplasms
  A giant cockroach (D:1)
  3 goblins
  4 hobgoblins
  A kobold (D:2)
  2 quokkas
  4 bats
  2 frilled lizards
  8 rats
40 creatures vanquished.

Notes
Turn   | Place    | Note
-------+----------+-------------------------------------------
     0 | D:1      | lonewolfV2 the Demonspawn Fighter began the quest for the
                  | Orb.
     0 | D:1      | Reached XP level 1. HP: 18/18 MP: 1/1
   112 | D:1      | Gained mutation: You are partially covered in large bone
                  | plates. (SH +4) [demonic ancestry]
   112 | D:1      | Reached XP level 2. HP: 21/24 MP: 2/2
   736 | D:2      | Reached XP level 3. HP: 19/29 MP: 3/3
  1562 | D:3      | Found Mirox's Antique Armour Boutique.
  1720 | D:3      | Found a shadowy altar of Dithmenos.
  1786 | D:3      | Noticed Sigmund
  1795 | D:3      | Succumbed to an orc's poison

Illustrated notes

Levels and vault maps discovered:
D:1:      mrwooster_arrival_statue_2, layout_basic
D:2:      layout_loops_ring, guppyfry_early_lair_pool
D:3:      layout_basic, mainiacjoe_overflow_brackets,
          mainiacjoe_overflow_alcove_4, gammafunk_ghost_grave, serial_shops,
          shop, shop, chequers_ecumenical_altar_grove, minmay_circle_x,
          uniq_sigmund, uniq_robin, uniq_ijyb, uniq_terence

Skill      XL: |  1  2  3 |
---------------+----------+-----
Axes           | 2 3 |  3.0
Shields        | 3 |  3.2
Fighting       | |  3.5
Armour         | |  2.6

Action                     || total
---------------------------++-------
  Melee: War axe           ||   102
    Use: Scroll            ||     4
 Armour: Scale mail        ||    59
  Dodge: Dodged            ||    40
  Block: Buckler           ||    53
